Map: Polka LE

Players

qqq

  • Race: Zerg Zerg
  • Spawn Location: 5:00

Massa

  • Race: Terran Terran
  • Spawn Location: 5:00

IvanRos - Winner!

  • Race: Protoss Protoss
  • Spawn Location: 11:00

Dmitiusz - Winner!

  • Race: Protoss Protoss
  • Spawn Location: 11:00

VOD

Have the link to the VOD?

Description

Time

  • Played on: April 6, 2021, 12:59 p.m.
  • Length: 18:29
Show
View Real Time Build Order
Export as new Build Order

qqq Zerg 

Build Orders: Pool First, Zergling Baneling 

Get SALT Encoding   

  12  0:04  Drone  
  13  0:10  Drone  
  14  0:18  Overlord  
  14  0:36  Spawning Pool  
  13  0:47  Extractor, Drone  
  13  0:48  Drone x2  
  15  0:58  Drone  
  16  1:09  Drone  
  17  1:21  Drone  
  18  1:27  Queen  
  18  1:30  Zergling x2  
  21  1:45  Zergling x2  
  22  1:53  Overlord  
  22  1:59  Metabolic Boost  
  22  2:06  Hatchery  
  22  2:07  Overlord  
  22  2:15  Zergling x2  
  22  2:26  Zergling x2  
  23  2:30  Queen  
  23  2:36  Zergling x2  
  26  2:38  Zergling x2  
  26  2:39  Overlord  
  26  2:43  Zergling x2  
  28  2:49  Zergling x2  
  28  3:06  Zergling x2  
  29  3:20  Zergling x6  
  32  3:27  Baneling Nest  
  32  3:30  Zergling x2  
  32  3:31  Zergling x2  
  33  3:41  Zergling x2  
  33  3:42  Zergling x2  
  35  3:53  Zergling x4  
  37  3:57  Zergling x2  
  38  4:03  Zergling x10  
  38  4:05  Zergling x2  
  44  4:14  Zergling x2  
  46  4:17  Zergling x2  
  46  4:19  Baneling x3  
  46  4:20  Baneling x4  
  46  4:30  Zergling x2  
  46  4:31  Zergling x2  
  48  4:35  Overlord  
  48  4:38  Baneling  
  48  4:40  Baneling  
  48  4:41  Baneling  
  48  4:44  Baneling  
  48  4:46  Baneling  
  42  5:18  Zergling x8  
  42  5:19  Zergling x8  
  42  5:37  Queen  
  40  5:44  Queen  
  40  5:56  Baneling x8  
  34  6:11  Drone x4  
  34  6:20  Zergling x4  
  34  6:23  Drone  
  34  6:36  Drone  
  34  6:37  Drone x3  
  38  6:46  Lair  
  38  6:51  Drone, Extractor  
  38  6:52  Drone  
  39  7:01  Spore Crawler  
  39  7:08  Spore Crawler  
  37  7:09  Drone x3  
  37  7:11  Drone  
  41  7:17  Drone x2  
  43  7:28  Drone x2  
  45  7:36  Drone x2  
  47  7:47  Drone x2  
  49  7:53  Zergling x6  
  52  8:04  Overlord x4  
  47  8:14  Zergling x2  
  48  8:20  Zergling x4  
  48  8:25  Extractor  
  49  8:27  Extractor  
  49  8:31  Spire  
  47  8:34  Spore Crawler  
  47  8:36  Spore Crawler  
  47  8:38  Drone x2  
  47  8:39  Drone x4  
  51  8:52  Drone  
  51  8:53  Drone x3  
  51  8:54  Drone  
  56  9:00  Spore Crawler  
  55  9:06  Hatchery  
  54  9:22  Drone x5  
  54  9:23  Drone x2  
  60  9:39  Drone  
  60  9:43  Mutalisk x2  
  60  9:44  Mutalisk x3  
  67  9:48  Zerg Flyer Weapons Level 1  
  67  9:59  Mutalisk  
  67  10:00  Corruptor  
  67  10:02  Corruptor  
  67  10:06  Drone  
  74  10:07  Drone  
  74  10:10  Mutalisk  
  74  10:13  Mutalisk  
  79  10:21  Hatchery, Corruptor  
  78  10:24  Mutalisk  
  82  10:30  Mutalisk x2  
  85  10:40  Mutalisk  
  85  10:46  Mutalisk  
  85  10:48  Drone x5  
  86  11:02  Corruptor  
  82  11:13  Infestation Pit  
  81  11:19  Queen  
  81  11:21  Extractor  
  81  11:23  Extractor  
  81  11:27  Corruptor x2  
  81  11:30  Drone x2  
  81  11:31  Drone x3  
  81  11:32  Overlord x5  
  90  11:36  Extractor  
  90  11:38  Extractor  
  88  11:56  Hive  
  88  12:03  Spire  
  88  12:08  Queen  
  89  12:09  Drone x3, Corruptor x2  
  96  12:16  Drone x2, Zerg Flyer Armor Level 1  
  96  12:17  Drone x2  
  96  12:21  Mutalisk  
  96  12:22  Drone x2  
  104  12:23  Drone, Zergling x4  
  104  12:25  Overlord  
  104  12:28  Drone x2  
  109  12:30  Mutalisk  
  109  12:36  Corruptor  
  113  12:41  Corruptor  
  115  12:48  Corruptor  
  117  12:51  Corruptor  
  119  13:10  Corruptor  
  119  13:11  Corruptor x2  
  119  13:12  Drone x3  
  128  13:13  Drone x7  
  128  13:14  Drone x3  
  128  13:17  Spore Crawler  
  137  13:20  Spore Crawler  
  137  13:23  Spine Crawler  
  137  13:25  Spine Crawler  
  134  13:31  Greater Spire, Corruptor  
  134  13:33  Corruptor  
  138  13:39  Overseer  
  138  13:40  Pneumatized Carapace  
  139  13:41  Drone x2  
  139  13:43  Mutalisk  
  139  13:45  Mutalisk  
  144  13:55  Overlord x3  
  144  13:56  Overlord  
  144  14:13  Spine Crawler  
  144  14:14  Viper x2  
  144  14:15  Spine Crawler  
  148  14:17  Corruptor x2  
  148  14:19  Drone x2  
  148  14:20  Zergling x2  
  148  14:21  Zergling x2  
  156  14:33  Corruptor x2  
  151  14:54  Mutalisk x5  
  154  15:01  Brood Lord x2  
  154  15:03  Drone  
  154  15:04  Zergling x2  
  154  15:05  Zergling x6, Overlord x3  
  135  15:28  Mutalisk  
  135  15:29  Mutalisk x5  
  147  15:35  Drone x2  
  147  15:42  Hatchery  
  147  15:43  Brood Lord x2  
  147  15:49  Zergling x2  
  140  15:50  Zergling x18  
  138  15:58  Zerg Flyer Weapons Level 2  
  138  16:07  Drone  
  138  16:08  Drone x7  
  146  16:31  Corruptor x2  
  146  16:32  Extractor, Corruptor x2  
  149  16:34  Hatchery  
  149  16:37  Extractor  
  135  16:46  Corruptor x3  
  96  17:03  Brood Lord  
  96  17:05  Zergling x6  
  96  17:06  Zergling x28  
  107  17:21  Zergling x18  
  116  17:25  Viper  
  116  17:27  Viper  
  122  17:45  Viper  
  122  17:47  Drone, Overlord  
  122  17:48  Drone, Overlord x3  
  116  18:03  Zergling x8  
Show
View Real Time Build Order
Export as new Build Order

Massa Terran 

Build Orders:  

Get SALT Encoding   

  12  0:00  SCV  
  13  0:12  SCV  
  14  0:23  Supply Depot  
  14  0:24  SCV  
  15  0:45  Refinery, SCV  
  15  0:48  Barracks  
  16  1:05  Barracks  
  16  1:10  SCV  
  17  1:15  Refinery  
  17  1:22  SCV  
  18  1:35  Reaper  
  18  1:38  Supply Depot  
  19  1:43  Orbital Command  
  19  1:58  Reaper  
  20  2:10  SCV  
  21  2:19  Reaper  
  22  2:30  Command Center  
  22  2:34  Barracks Tech Lab  
  22  2:36  SCV  
  23  2:48  SCV  
  24  2:59  Factory  
  22  3:56  Factory Tech Lab  
  22  3:57  Stimpack  
  22  4:00  Barracks Reactor  
  22  4:01  Orbital Command  
  22  4:03  SCV  
  22  4:09  Barracks  
  23  4:15  SCV  
  23  4:16  Barracks  
  24  4:17  Cyclone  
  27  4:26  Supply Depot x2  
  27  4:28  SCV x2  
  27  4:29  Supply Depot  
  27  4:30  Supply Depot  
  29  4:36  Marine x2  
  31  4:40  SCV x2, Marauder  
  35  4:52  SCV x2  
  40  4:54  Cyclone, Marine x2  
  40  4:57  Barracks Tech Lab  
  42  5:01  Marauder  
  42  5:03  Barracks Tech Lab  
  42  5:04  Refinery  
  44  5:38  Cyclone  
  44  5:39  Mag-Field Accelerator  
  47  5:42  Concussive Shells  
  47  5:44  Marauder, Marine x4  
  47  5:46  SCV x2  
  55  5:50  Engineering Bay  
  55  5:58  SCV x2  
  55  6:02  Marine x4  
  61  6:04  Marine  
  61  6:10  SCV  
  63  6:19  Marine  
  63  6:20  Marine x3  
  63  6:22  Marine  
  63  6:23  Cyclone  
  71  6:28  SCV x2  
  73  6:33  Missile Turret  
  73  6:37  Marine  
  73  6:38  Marine x3  
  73  6:39  Missile Turret  
  77  6:40  Marine  
  77  6:42  Supply Depot x3  
  77  6:43  Combat Shield  
  78  6:48  Supply Depot  
  78  6:49  Terran Infantry Weapons Level 1  
  78  7:01  SCV  
  78  7:02  Missile Turret  
  78  7:04  SCV, Marine  
  80  7:12  Marauder x3, Marine  
  80  7:13  SCV  
  80  7:14  Cyclone  
  91  7:16  SCV  
  91  7:21  Marine  
  93  7:25  SCV  
  93  7:28  SCV  
  93  7:29  Marine  
  95  7:31  Command Center  
  61  8:29  Marauder x3, Marine  
  61  8:30  Marine  
  61  8:32  Cyclone  
  61  8:33  SCV x2  
  74  8:41  Refinery  
  74  8:43  Terran Infantry Armor Level 1  
  74  8:45  SCV x2  
  74  8:47  Marine x2  
  78  8:50  Orbital Command, Marauder, Marine  
  78  8:51  Marauder  
  83  8:57  SCV x2  
  85  9:04  Cyclone  
  85  9:07  Missile Turret  
  85  9:09  SCV x2  
  89  9:15  Marauder x3, Marine x2  
  97  9:17  SCV  
  97  9:21  SCV x2  
  100  9:28  Armory  
  100  9:29  SCV  
  100  9:30  Engineering Bay  
  101  9:33  SCV x2, Marine x2  
  101  9:36  Cyclone, Marauder x3  
  101  9:38  Starport  
  114  9:43  Barracks  
  114  9:44  Barracks, Supply Depot  
  114  9:45  Barracks  
  114  9:48  Supply Depot  
  114  9:49  Supply Depot  
  114  9:51  Supply Depot  
  114  9:57  Marauder  
  114  9:58  Marauder  
  118  10:00  SCV x2  
  118  10:01  SCV  
  118  10:03  Refinery  
  118  10:05  Refinery  
  121  10:12  SCV  
  121  10:13  SCV x2  
  118  10:33  Command Center  
  73  10:50  Marauder x2  
  73  10:51  Barracks Reactor, Barracks Tech Lab, Marauder  
  73  10:56  Marine x2  
  81  10:59  Barracks Reactor  
  81  11:00  Starport Reactor  
  81  11:02  Terran Infantry Weapons Level 2  
  81  11:03  Terran Infantry Armor Level 2  
  80  11:05  Terran Vehicle And Ship Armor Level 1  
  80  11:08  SCV x3  
  83  11:12  Marauder x3  
  83  11:14  Marine x2  
  91  11:20  SCV x3, Missile Turret  
  91  11:22  Sensor Tower  
  94  11:30  Factory  
  94  11:38  Marauder x4  
  94  11:39  Marine  
  103  11:40  Marine x5  
  103  11:47  Ghost Academy  
  108  11:51  Thor  
  114  11:56  Medivac x2  
  114  11:57  Marine x6  
  114  11:59  Marauder x3  
  114  12:00  Marauder, Planetary Fortress  
  132  12:02  SCV x3  
  132  12:05  Missile Turret  
  135  12:09  Missile Turret  
  135  12:13  Missile Turret  
  135  12:14  SCV x3  
  135  12:15  Marine x2  
  139  12:21  Factory Tech Lab, Marauder x4  
  148  12:26  Medivac x2  
  152  12:34  Enhanced Shockwaves, Thor  
  158  12:46  Thor  
  158  12:50  Smart Servos  
  164  12:53  Drilling Claws  
  164  12:56  Medivac x2  
  164  12:58  Command Center  
  168  12:59  Terran Vehicle Weapons Level 1  
  168  13:18  Refinery  
  168  13:19  Refinery, Marauder x2  
  172  13:25  Refinery  
  172  13:29  Refinery  
  172  13:48  Marine  
  172  13:50  Marine x2  
  172  13:53  Personal Cloaking  
  172  13:56  Marine  
  172  14:09  Marine x3, Ghost, Thor  
  187  14:10  Marauder x2  
  187  14:15  Missile Turret x2  
  187  14:16  Missile Turret  
  187  14:19  Ghost  
  186  14:25  Marine  
  187  14:33  Supply Depot  
  187  14:35  Supply Depot  
  187  14:36  Supply Depot  
  180  14:57  Thor  
  180  14:59  Supply Depot  
  181  15:01  Supply Depot  
  181  15:04  Ghost x2, Marine x3  
  181  15:05  Marauder x2, Thor, Supply Depot  
  141  15:24  Marine  
  141  15:25  Marine x5, Supply Depot  
  141  15:26  Marauder  
  141  15:27  Marauder, Supply Depot  
  143  15:33  Marauder, Supply Depot  
  143  15:34  Marauder  
  147  15:40  Thor  
  151  15:47  Command Center  
  151  15:48  Marauder x2, Thor  
  161  15:52  Supply Depot  
  161  15:55  Marauder x2  
  161  16:09  Marauder x2  
  163  16:16  Marauder  
  163  16:17  Marauder  
  167  16:23  Thor  
  173  16:30  Marauder  
  173  16:31  Marauder, Marine x3, Thor  
  173  16:32  Marine x2  
  188  16:38  Marauder x2  
  165  16:48  Marine  
  165  16:49  Marine x4  
  165  16:52  Marauder x2  
  160  16:59  Marauder x2  
  146  17:02  Marine  
  147  17:13  Marauder  
  147  17:14  Marauder  
  150  17:20  Marauder  
  150  17:21  Marauder  
  135  17:35  Marauder x2  
  139  17:42  Marauder x2  
  143  17:55  Ghost  
  143  17:56  Marauder  
  137  18:10  Marine  
  137  18:11  Marine  
Show
View Real Time Build Order
Export as new Build Order

IvanRos Protoss - Winner!

Build Orders: 1 Gate Expand 

Get SALT Encoding   

  12  0:00  Probe  
  13  0:12  Probe  
  14  0:25  Pylon  
  14  0:31  Probe  
  15  0:36  Assimilator  
  15  0:44  Probe (Chrono Boost), Gateway  
  16  0:55  Probe (Chrono Boost)  
  17  0:59  Probe (Chrono Boost)  
  18  1:12  Probe  
  19  1:24  Nexus  
  19  1:35  Cybernetics Core  
  19  1:37  Probe  
  20  1:43  Assimilator  
  20  1:50  Probe  
  21  1:59  Pylon  
  21  2:02  Probe  
  22  2:13  Pylon  
  22  2:14  Probe (Chrono Boost)  
  22  2:15  Warp Gate  
  23  2:17  Stalker  
  25  2:26  Probe (Chrono Boost)  
  26  2:34  Probe (Chrono Boost)  
  27  2:38  Probe (Chrono Boost), Twilight Council  
  29  2:46  Probe (Chrono Boost)  
  29  2:48  Probe (Chrono Boost)  
  30  2:53  Probe x2 (Chrono Boost)  
  32  3:00  Stalker (Chrono Boost)  
  32  3:04  Probe  
  35  3:09  Probe  
  35  3:16  Probe  
  34  3:40  Probe x2  
  36  3:52  Probe x2  
  38  4:03  Assimilator  
  38  4:04  Blink  
  38  4:05  Probe (Chrono Boost)  
  38  4:07  Assimilator  
  38  4:09  Probe (Chrono Boost)  
  40  4:16  Probe (Chrono Boost), Templar Archives  
  42  4:18  Probe (Chrono Boost)  
  42  4:24  Probe (Chrono Boost)  
  44  4:34  Probe (Chrono Boost)  
  44  4:36  Probe (Chrono Boost)  
  45  4:41  Probe (Chrono Boost)  
  45  4:43  Probe (Chrono Boost), Stalker  
  49  4:48  Gateway  
  49  4:50  Gateway, Psionic Storm  
  49  4:52  Pylon  
  49  4:53  Gateway  
  49  4:55  Probe x2  
  51  5:16  Zealot  
  53  5:41  Stalker  
  55  5:45  Probe x2  
  55  5:48  Stalker  
  55  5:49  High Templar  
  61  6:05  Charge  
  60  6:13  Zealot  
  62  6:28  Pylon  
  62  6:30  Pylon  
  62  6:31  Pylon  
  62  6:43  Forge  
  62  6:46  Probe x2  
  64  6:51  Robotics Facility  
  64  6:53  Robotics Facility  
  64  6:55  Gateway, Zealot x2  
  64  6:58  Probe, Gateway  
  64  6:59  Forge  
  69  7:04  Forge  
  69  7:08  Probe  
  69  7:10  Probe  
  69  7:14  Protoss Ground Weapons Level 1 (Chrono Boost)  
  71  7:19  Nexus  
  71  7:21  Pylon  
  71  7:25  Pylon  
  71  7:27  Probe  
  71  7:28  Probe  
  73  7:31  Stalker x2  
  60  7:47  Zealot x2  
  62  7:56  Zealot  
  62  7:57  Zealot x3  
  58  8:07  Protoss Ground Armor Level 1 (Chrono Boost)  
  58  8:08  Protoss Shields Level 1 (Chrono Boost), Immortal x2 (Chrono Boost)  
  58  8:10  Gateway  
  58  8:11  Gateway  
  58  8:29  Zealot x5  
  68  8:35  Probe  
  68  8:39  High Templar  
  68  8:40  Immortal  
  75  8:50  Probe x2  
  77  9:03  Nexus  
  77  9:04  Probe  
  77  9:05  Probe  
  79  9:13  Pylon  
  79  9:15  Robotics Bay  
  80  9:17  High Templar x3  
  80  9:19  Probe (Chrono Boost), Protoss Ground Weapons Level 2 (Chrono Boost)  
  80  9:20  Probe (Chrono Boost)  
  87  9:29  Assimilator  
  87  9:30  Assimilator  
  88  9:31  Probe (Chrono Boost)  
  88  9:32  Probe (Chrono Boost)  
  89  9:39  Pylon  
  89  9:41  Probe, Shield Battery  
  89  9:43  Shield Battery  
  90  9:49  Photon Cannon  
  90  9:52  Photon Cannon  
  90  9:55  Photon Cannon  
  90  9:57  Photon Cannon  
  90  9:58  Stalker  
  92  10:09  Probe x2  
  92  10:11  Protoss Ground Armor Level 2 (Chrono Boost)  
  94  10:20  Zealot x3  
  78  10:39  Zealot x3  
  78  10:40  Zealot x2  
  78  10:42  Zealot x2  
  92  10:53  Stalker  
  94  11:00  Stalker x3  
  94  11:01  Stalker  
  102  11:22  Probe x2  
  102  11:23  Zealot x3  
  102  11:24  Zealot x3  
  116  11:28  Colossus  
  122  11:35  Protoss Ground Weapons Level 3 (Chrono Boost)  
  122  11:40  Pylon  
  122  11:41  Pylon  
  122  11:47  Protoss Shields Level 2 (Chrono Boost)  
  122  11:51  Probe  
  123  12:18  Nexus  
  123  12:20  Probe x3  
  123  12:22  Assimilator  
  126  12:26  Observer x2, Assimilator  
  126  12:28  High Templar x4, Pylon  
  126  12:29  High Templar x2  
  140  12:32  Probe, Archon x3  
  141  12:38  Pylon  
  141  12:43  Extended Thermal Lance (Chrono Boost)  
  141  12:44  Pylon  
  141  12:46  Probe x2  
  141  12:48  Pylon  
  141  12:49  Probe  
  144  12:58  Probe x2  
  146  13:04  Probe  
  147  13:10  Probe x2, Pylon  
  147  13:11  Colossus  
  155  13:16  Probe  
  155  13:19  Pylon  
  156  13:22  Probe, Gateway  
  156  13:24  Gateway  
  156  13:26  Probe  
  158  13:28  Probe  
  158  13:32  Zealot x2  
  158  13:33  Zealot x3  
  159  14:05  Zealot  
  159  14:06  Zealot x6  
  159  14:08  Immortal  
  159  14:09  Immortal  
  181  14:16  Gravitic Boosters  
  181  14:26  Stalker x3  
  181  14:27  Stalker x4  
  181  14:28  Stalker  
  181  14:29  Probe  
  198  14:36  Gateway  
  194  14:48  Immortal  
  176  15:00  Stalker x4  
  176  15:01  Stalker x6  
  190  15:12  Immortal  
  171  15:27  Immortal  
  171  15:42  Zealot x3  
  175  15:43  Zealot x6  
  175  15:44  Zealot  
  191  15:51  Immortal  
  195  16:04  Robotics Facility  
  195  16:06  Robotics Facility  
  195  16:08  Robotics Facility  
  195  16:17  Nexus  
  195  16:37  Immortal  
  141  17:06  Colossus  
  147  17:09  Colossus x3  
  147  17:15  Colossus  
  165  17:18  Stalker  
  165  17:19  Stalker x4  
  165  17:20  Stalker x3  
  165  17:21  Stalker  
  187  18:00  Observer  
  187  18:04  Observer  
Show
View Real Time Build Order
Export as new Build Order

Dmitiusz Protoss - Winner!

Build Orders:  

Get SALT Encoding   

  12  0:00  Probe  
  13  0:12  Probe  
  14  0:24  Probe  
  14  0:25  Pylon  
  15  0:43  Probe (Chrono Boost)  
  15  0:45  Gateway  
  16  0:53  Assimilator  
  16  0:55  Probe (Chrono Boost)  
  17  1:02  Probe (Chrono Boost)  
  18  1:09  Probe (Chrono Boost)  
  19  1:21  Probe (Chrono Boost)  
  20  1:28  Probe (Chrono Boost)  
  21  1:36  Cybernetics Core  
  20  1:57  Nexus  
  20  2:01  Forge  
  20  2:04  Pylon  
  20  2:11  Probe  
  21  2:16  Shield Battery  
  21  2:22  Assimilator  
  21  2:23  Probe (Chrono Boost)  
  21  2:29  Stalker  
  24  2:32  Probe (Chrono Boost)  
  24  2:36  Pylon  
  25  2:37  Probe (Chrono Boost)  
  26  2:50  Probe, Pylon  
  27  2:59  Pylon  
  27  3:02  Probe  
  28  3:14  Photon Cannon  
  28  3:19  Probe, Nexus  
  29  3:26  Stalker  
  31  3:32  Probe  
  32  3:40  Stargate  
  32  3:44  Probe  
  32  3:56  Probe  
  33  4:07  Shield Battery  
  33  4:08  Probe  
  34  4:13  Warp Gate  
  34  4:20  Probe  
  34  4:21  Oracle (Chrono Boost), Stargate  
  38  4:35  Probe x2 (Chrono Boost)  
  40  4:43  Assimilator  
  42  4:46  Probe (Chrono Boost)  
  42  4:48  Probe (Chrono Boost)  
  42  4:50  Void Ray  
  42  4:51  Probe (Chrono Boost)  
  42  4:56  Probe  
  48  5:01  Probe  
  49  5:08  Pylon x2  
  49  5:10  Pylon  
  49  5:21  Probe x2  
  35  5:33  Probe  
  23  5:43  Pylon  
  23  5:47  Pylon  
  23  5:52  Probe  
  23  5:53  Probe  
  25  6:04  Probe  
  25  6:05  Probe  
  24  6:26  Probe (Chrono Boost)  
  24  6:27  Probe (Chrono Boost)  
  24  6:28  Gateway  
  26  6:33  Pylon  
  26  6:36  Probe (Chrono Boost)  
  26  6:37  Probe (Chrono Boost)  
  28  6:42  Forge  
  28  6:48  Gateway  
  28  6:51  Probe x2  
  30  7:16  Pylon  
  30  7:19  Probe (Chrono Boost)  
  32  7:23  Probe (Chrono Boost)  
  32  7:24  Void Ray  
  32  7:25  Assimilator  
  37  7:31  Probe (Chrono Boost)  
  37  7:35  Probe (Chrono Boost)  
  37  7:36  Probe (Chrono Boost)  
  39  7:44  Cybernetics Core  
  36  8:00  Void Ray  
  36  8:22  Pylon  
  36  8:24  Void Ray  
  36  8:28  Probe (Chrono Boost)  
  36  8:29  Probe (Chrono Boost)  
  42  8:40  Probe (Chrono Boost)  
  42  8:41  Probe (Chrono Boost)  
  44  8:42  Cybernetics Core  
  44  8:47  Probe x2 (Chrono Boost)  
  46  8:50  Pylon  
  46  8:52  Photon Cannon  
  46  8:54  Probe  
  46  8:55  Probe  
  48  9:06  Probe  
  48  9:07  Probe  
  50  9:12  Void Ray x2  
  50  9:23  Stalker  
  60  9:29  Stalker  
  62  9:34  Probe x2  
  61  9:46  Probe x2  
  63  9:58  Probe x2  
  65  10:10  Probe x2  
  65  10:12  Phoenix  
  69  10:16  Phoenix  
  71  10:23  Nexus  
  71  10:25  Pylon  
  71  10:28  Pylon  
  71  10:42  Phoenix x2  
  55  11:01  Void Ray x2  
  63  11:16  Photon Cannon  
  63  11:17  Photon Cannon  
  63  11:20  Probe, Photon Cannon  
  63  11:22  Photon Cannon  
  63  11:24  Photon Cannon  
  64  11:27  Shield Battery  
  64  11:30  Assimilator  
  64  11:32  Probe  
  65  11:34  Fleet Beacon  
  65  11:42  Probe  
  65  11:44  Probe, Pylon  
  67  11:55  Probe x2 (Chrono Boost)  
  67  11:58  Probe (Chrono Boost)  
  70  12:02  Void Ray, Assimilator  
  70  12:06  Probe x2 (Chrono Boost), Void Ray  
  70  12:07  Flux Vanes  
  77  12:09  Probe (Chrono Boost)  
  77  12:13  Probe x2 (Chrono Boost)  
  83  12:16  Protoss Shields Level 1 (Chrono Boost)  
  83  12:21  Protoss Air Weapons Level 1 (Chrono Boost)  
  83  12:30  Twilight Council  
  83  12:35  Photon Cannon  
  83  12:40  Shield Battery  
  83  12:41  Probe  
  83  12:42  Probe  
  85  12:45  Void Ray  
  85  12:46  Photon Cannon  
  85  12:47  Void Ray  
  89  12:56  Probe  
  89  12:57  Probe  
  95  13:00  Probe  
  96  13:14  Probe  
  97  13:25  Void Ray x2  
  105  13:47  Pylon  
  105  13:49  Pylon  
  105  13:53  Pylon  
  105  13:55  Shield Battery  
  105  13:56  Shield Battery  
  105  13:58  Shield Battery  
  105  14:01  Pylon  
  105  14:07  Void Ray x2  
  105  14:11  Protoss Shields Level 2 (Chrono Boost)  
  113  14:20  Stargate x2  
  113  14:21  Pylon  
  113  14:24  Pylon  
  113  14:25  Pylon  
  113  14:35  Protoss Air Weapons Level 2 (Chrono Boost)  
  113  14:48  Nexus  
  113  14:49  Pylon  
  113  14:52  Pylon  
  113  14:53  Void Ray  
  113  14:54  Void Ray  
  113  14:55  Pylon  
  113  14:58  Pylon, Void Ray x2  
  127  15:31  Void Ray x2  
  127  15:35  Void Ray x2  
  143  15:53  Photon Cannon  
  143  15:55  Photon Cannon  
  143  15:57  Photon Cannon  
  143  15:59  Photon Cannon  
  143  16:01  Probe x3, Photon Cannon  
  143  16:02  Probe  
  143  16:04  Photon Cannon  
  147  16:06  Photon Cannon  
  147  16:08  Void Ray x2  
  155  16:24  Void Ray x2  
  138  17:36  Photon Cannon  
  138  17:39  Photon Cannon  
  138  17:41  Probe x2, Pylon  
  138  17:42  Probe, Void Ray x4  
  141  17:44  Shield Battery x2  
  141  17:45  Assimilator  
  141  17:47  Shield Battery, Assimilator  
  157  17:52  Shield Battery  
  157  17:53  Probe  
  157  17:54  Pylon  
  157  17:55  Shield Battery  
  158  18:00  Photon Cannon  
  158  18:06  Photon Cannon  
  158  18:08  Shield Battery  
Tags
 
Add a new tag
Caveats
  • Supply blocks, unpowered buildings, or Contaminate may cause inaccurate times.
  • Supply counts are checked every 10 seconds.